 Dungeon Crawl Stone Soup version 0.30-a0-605-gb2882149bf (webtiles) character file.

Game seed: 15477574528560430268

763 karrick the Shield-Bearer (level 7, -2/55 (60) HPs)
             Began as a Gnoll Fighter on Jan 7, 2023.
             Slain by a wight
             ... wielding a +0 battleaxe
              (11 damage)
             ... on level 5 of the Dungeon.
             The game lasted 00:05:37 (3633 turns).

karrick the Shield-Bearer (Gnoll Fighter)           Turns: 3633, Time: 00:05:38

HP:   -2/55 (60)    AC: 10    Str: 15    XL:     7   Next: 81%
MP:   11/11         EV: 10    Int:  7    God:
Gold: 209           SH:  6    Dex: 14    Spells: 11/11 levels left

rFire   . . .      SeeInvis .    a - +0 war axe
rCold   . . .      Faith    .    c - +0 buckler
rNeg    . . .      Spirit   .    b - +0 scale mail
rPois   .          Reflect  .    (no helmet)
rElec   .          Harm     .    m - +0 cloak
rCorr   .          Rampage  .    n - +0 pair of gloves
Will    .....                    (no boots)
Stlth   +                        (no amulet)
HPRegen 0.29/turn                (no ring)
MPRegen 0.12/turn                (no ring)

@: drained
A: fangs 1, strong nose, distributed training
a: no special abilities


You were on level 5 of the Dungeon.
You visited 1 branch of the dungeon, and saw 5 of its levels.

You collected 209 gold pieces.

Inventory:

Hand Weapons
 a - a +0 war axe (weapon)
Missiles
 s - a throwing net (quivered)
 t - 3 silver boomerangs
Armour
 b - a +0 scale mail (worn)
 c - a +0 buckler (worn)
 m - a +0 cloak (worn)
 n - a +0 pair of gloves (worn)
Jewellery
 f - a ring of magical power
Wands
 r - a wand of iceblast (9)
Scrolls
 e - 3 scrolls of teleportation {unknown}
 h - a scroll of amnesia {unknown}
 i - 2 scrolls of poison {unknown}
 j - 3 scrolls of identify {unknown}
 k - a scroll of fog {unknown}
 l - 2 scrolls of immolation {unknown}
 o - 2 scrolls of blinking {unknown}
 p - 2 scrolls of magic mapping {unknown}
Potions
 d - a potion of ambrosia {unknown}
 g - a potion of brilliance {unknown}
 q - a potion of mutation {unknown}
 u - a potion of curing {unknown}
 v - a potion of heal wounds
 w - 2 potions of attraction {unknown}


   Skills:
 + Level 7.2 Fighting
 + Level 2.8 Short Blades
 + Level 2.8 Long Blades
 + Level 5.4 Axes
 + Level 2.8 Maces & Flails
 + Level 2.8 Polearms
 + Level 2.8 Staves
 + Level 2.8 Ranged Weapons
 + Level 2.8 Throwing
 + Level 7.2 Armour
 + Level 2.8 Dodging
 + Level 2.8 Stealth
 + Level 7.2 Shields
 + Level 2.8 Unarmed Combat
 + Level 2.8 Spellcasting
 + Level 2.3 Conjurations
 + Level 2.3 Hexes
 + Level 2.3 Summonings
 + Level 2.3 Necromancy
 + Level 2.3 Translocations
 + Level 2.3 Transmutations
 + Level 2.3 Fire Magic
 + Level 2.3 Ice Magic
 + Level 2.3 Air Magic
 + Level 2.3 Earth Magic
 + Level 2.3 Poison Magic
 + Level 3.1 Invocations
 + Level 2.8 Evocations


You had 11 spell levels left.
You didn't know any spells.
Your spell library contained the following spells:

 Spells                   Type           Power      Damage    Failure   Level
 Cigotuvi's Dreadful Rot  Necr/Pois/Air  8%         N/A       65%         2
 Poisonous Vapours        Pois/Air       8%         N/A       65%         2
 Call Canine Familiar     Summ           4%         N/A       86%         3
 Mephitic Cloud           Conj/Pois/Air  4%         N/A       86%         3
 Portal Projectile        Hex/Tloc       8%         N/A       86%         3
 Leda's Liquefaction      Hex/Erth       2%         N/A       99%         4


Dungeon Overview and Level Annotations

Branches:
Dungeon (5/15)
 Temple: D:4-7

Altars:
Hepliaklqana

Annotations:
D:3 1 runed translucent door, purpskrrrp's ghost, amateur TrTm


Innate Abilities, Weirdness & Mutations

You have very sharp teeth.
Your uncanny sense of smell can sniff out nearby items.
Your experience applies equally to all skills.


Message History

No target in view!
No target in view!
No target in view!
No target in view!
No target in view!
No target in view!
No target in view!
No target in view!
No target in view!
No target in view!
No target in view!
No target in view!
No target in view!
No target in view!
w - 2 pink potions
Found a rapier.
Found an escape hatch in the ceiling.
A wight comes into view. It is wielding a +0 battleaxe.
A wight is nearby!
A wight is nearby!
You closely miss the wight. The wight hits you with a +0 battleaxe!
You feel drained.
A wight comes into view. It is wielding a +3 battleaxe.
You closely miss the wight. You bite the wight, but do no damage.
The wight misses you. The wight barely misses you.
You closely miss the wight. The wight hits you with a +0 battleaxe!
You hit the wight but do no damage. The wight hits you with a +0 battleaxe.
You are too injured to fight recklessly!
You are too injured to fight recklessly!
The wight attacks as you move away! The wight closely misses you.
The wight attacks as you move away! The wight hits you with a +0 battleaxe.
Found 5 stones.
The wight barely misses you. The wight attacks as you move away!
You block the wight's attack. The wight attacks as you move away!
The wight hits you with a +3 battleaxe!
* * * LOW HITPOINT WARNING * * *
You feel drained.
* * * LOW HITPOINT WARNING * * *
There is an escape hatch in the ceiling here.
The wight hits you with a +0 battleaxe!
You die...

##.............#
>#
#...............#
#.................
#...............##
#..............
#..............
##.............
#.zz..........
#.@.......).#.
#...........#
#....(......
#..........
###########


You could see 2 wights.

Vanquished Creatures
  Sigmund (D:5)
  2 phantoms
  A scorpion (D:3)
  2 jellies (D:4)
  2 orc priests (D:4)
  2 hounds (D:4)
  4 gnolls (D:4)
  5 adders
  A white imp (D:4)
  A worm (D:4)
  9 orcs
  7 bats
  6 endoplasms
  5 giant cockroaches
  8 goblins
  6 hobgoblins
  10 jackals
  3 quokkas
  12 ball pythons
  2 frilled lizards
  7 kobolds
  5 rats (D:1)
101 creatures vanquished.

Vanquished Creatures (others)
  6 plants (D:1)
6 creatures vanquished.

Grand Total: 107 creatures vanquished

Notes
Turn   | Place    | Note
-------+----------+-------------------------------------------
     0 | D:1      | karrick the Gnoll Fighter began the quest for the Orb.
     0 | D:1      | Reached XP level 1. HP: 23/23 MP: 1/1
    31 | D:1      | Reached XP level 2. HP: 26/29 MP: 2/2
   368 | D:1      | Reached XP level 3. HP: 35/35 MP: 3/3
   684 | D:1      | Reached skill level 1 in Invocations
   698 | D:1      | Found a faded altar of an unknown god.
  1027 | D:2      | Reached skill level 1 in Short Blades
  1027 | D:2      | Reached skill level 1 in Long Blades
  1027 | D:2      | Reached skill level 1 in Maces & Flails
  1027 | D:2      | Reached skill level 1 in Polearms
  1027 | D:2      | Reached skill level 1 in Staves
  1027 | D:2      | Reached skill level 1 in Ranged Weapons
  1027 | D:2      | Reached skill level 1 in Throwing
  1027 | D:2      | Reached skill level 1 in Dodging
  1027 | D:2      | Reached skill level 1 in Stealth
  1027 | D:2      | Reached skill level 1 in Unarmed Combat
  1027 | D:2      | Reached skill level 1 in Spellcasting
  1027 | D:2      | Reached skill level 1 in Evocations
  1035 | D:2      | Reached XP level 4. HP: 34/41 MP: 5/5
  1411 | D:3      | Reached skill level 1 in Conjurations
  1411 | D:3      | Reached skill level 1 in Hexes
  1411 | D:3      | Reached skill level 1 in Summonings
  1411 | D:3      | Reached skill level 1 in Necromancy
  1411 | D:3      | Reached skill level 1 in Translocations
  1411 | D:3      | Reached skill level 1 in Transmutations
  1411 | D:3      | Reached skill level 1 in Fire Magic
  1411 | D:3      | Reached skill level 1 in Ice Magic
  1411 | D:3      | Reached skill level 1 in Air Magic
  1411 | D:3      | Reached skill level 1 in Earth Magic
  1411 | D:3      | Reached skill level 1 in Poison Magic
  1414 | D:3      | Found a hazy altar of Hepliaklqana.
  1894 | D:3      | Noticed a scorpion
  1906 | D:3      | Reached XP level 5. HP: 29/47 MP: 5/7
  2101 | D:3      | Found a runed translucent door.
  2106 | D:3      | Noticed purpskrrrp's ghost (amateur TrTm)
  2348 | D:4      | Noticed a phantom
  2357 | D:4      | Killed a phantom
  2358 | D:4      | Reached skill level 5 in Axes
  2358 | D:4      | Reached XP level 6. HP: 48/53 MP: 8/8
  3028 | D:4      | Reached XP level 7. HP: 58/60 MP: 10/10
  3447 | D:5      | Entered Level 5 of the Dungeon
  3456 | D:5      | Noticed Sigmund
  3482 | D:5      | Killed Sigmund
  3633 | D:5      | Slain by a wight

Illustrated notes

Levels and vault maps discovered:
D:1:      dpeg_arrival_arbitrary_b, layout_loops_cross,
          shapermc_ecumenical_altar_petra, serial_bayou_lake_a
D:2:      layout_basic, minmay_misc_feat_nine_boxes, hex_tiny,
          grunt_ministairs_1
D:3:      layout_basic, old_standard_altar, ebering_ghost_reflecting_pool,
          st_stairs_6
D:4:      layout_gridville
D:5:      layout_rooms, nicolae_ru_path_of_blood, uniq_sigmund

Skill      XL: |  1  2  3  4  5  6  7 |
---------------+----------------------+-----
Invocations    | 1 2 3 |  3.1
Short Blades   | 1 2 |  2.8
Long Blades    | 1 2 |  2.8
Maces & Flails | 1 2 |  2.8
Polearms       | 1 2 |  2.8
Staves         | 1 2 |  2.8
Ranged Weapons | 1 2 |  2.8
Throwing       | 1 2 |  2.8
Dodging        | 1 2 |  2.8
Stealth        | 1 2 |  2.8
Unarmed Combat | 1 2 |  2.8
Spellcasting   | 1 2 |  2.8
Evocations     | 1 2 |  2.8
Conjurations   | 1 2 |  2.3
Hexes          | 1 2 |  2.3
Summonings     | 1 2 |  2.3
Necromancy     | 1 2 |  2.3
Translocations | 1 2 |  2.3
Transmutations | 1 2 |  2.3
Fire Magic     | 1 2 |  2.3
Ice Magic      | 1 2 |  2.3
Air Magic      | 1 2 |  2.3
Earth Magic    | 1 2 |  2.3
Poison Magic   | 1 2 |  2.3
Axes           | 5 |  5.4
Fighting       | 7 |  7.2
Armour         | 7 |  7.2
Shields        | 7 |  7.2

Action                   |  1- 3 |  4- 6 |  7- 9 || total
-------------------------+-------+-------+-------++-------
Melee: War axe           |   124 |   159 |    57 ||   340
       Bite              |     7 |    17 |    11 ||    35
  Use: Potion            |       |     3 |       ||     3
Armor: Scale mail        |    68 |    81 |    19 ||   168
Dodge: Dodged            |    57 |    94 |    27 ||   178
Block: Buckler           |    44 |    57 |    16 ||   117

Table legend: (Time is in decaauts)
 A = Elapsed time spent in this place.
 B = Non-inter-level travel time spent in this place.
 C = Inter-level travel time spent in this place.
 D = Time resting spent in this place.
 E = Time spent auto-exploring this place.
 F = Levels seen in this place.
 G = Mean time per level.
                   A        B        C        D        E       F      G
               +--------+--------+--------+--------+--------+-----+--------+
         Total |   3771 |   3727 |     44 |      0 |   2999 |   5 |  754.2 |
       Dungeon |   3771 |   3727 |     44 |      0 |   2999 |   5 |  754.2 |
               +--------+--------+--------+--------+--------+-----+--------+

Top non-repeatable levels by time:
     D:4: 1227 daAuts
     D:1: 961 daAuts
     D:3: 944 daAuts
     D:2: 444 daAuts
     D:5: 193 daAuts
